 Dungeon Crawl Stone Soup version 0.22.1-2-g9c5b331 (webtiles) character file.

660 Gearfox the Slasher (level 7, -4/56 HPs)
             Began as a Hill Orc Skald on Nov 25, 2018.
             Was a Follower of Beogh.
             Slain by Duvessa
             ... wielding a +0 short sword
              (5 damage)
             ... on level 6 of the Dungeon.
             The game lasted 00:39:31 (9905 turns).

Gearfox the Slasher (Hill Orc Skald)                Turns: 9905, Time: 00:39:32

Health: -4/56      AC:  7    Str: 16    XL:     7   Next: 56%
Magic:  8/9        EV: 10    Int: 13    God:    Beogh [*.....]
Gold:   98         SH:  4    Dex: 10    Spells: 6/9 levels left

rFire    . . .     SeeInvis .   a - +1 falchion
rCold    . . .     Gourm    .   l - +0 buckler
rNeg     + . .     Faith    .   m - +1 ring mail
rPois    .         Spirit   .   (no helmet)
rElec    .         Reflect  .   (no cloak)
rCorr    +         Harm     .   (no gloves)
MR       .....                  i - +0 pair of boots
Stlth    ..........             q - amulet of the acrobat
HPRegen  0.18/turn              n - ring of resist corrosion
MPRegen  0.11/turn              p - ring of positive energy

@: no status effects
A: no striking features
a: Renounce Religion


You were on level 6 of the Dungeon.
You worshipped Beogh.
Beogh was aware of your devotion.
You were not hungry.

You visited 1 branch of the dungeon, and saw 6 of its levels.

You collected 178 gold pieces.
You spent 80 gold pieces at shops.

Inventory:

Hand Weapons
 a - a +1 falchion (weapon)
 e - a +0 whip
 t - a +0 shortbow
Missiles
 c - 146 stones
 f - 27 sling bullets
 o - 26 poisoned needles (quivered)
Armour
 b - a +0 leather armour
 h - a +0 chain mail
 i - a +0 pair of boots (worn)
 l - a +0 buckler (worn)
 m - a +1 ring mail (worn)
Jewellery
 n - a ring of resist corrosion (left hand)
 p - a ring of positive energy (right hand)
 q - an amulet of the acrobat (around neck)
Scrolls
 j - a scroll of remove curse
 k - 2 scrolls of magic mapping
 r - a scroll of identify
Potions
 g - a potion of curing
 u - a potion of magic
Comestibles
 d - 4 rations
 s - a chunk of flesh


   Skills:
 * Level 2.9 Fighting
 - Level 7.0 Long Blades
 - Level 1.5 Armour
 + Level 1.7 Dodging
 - Level 0.1 Stealth
 * Level 2.9 Shields
 - Level 1.9 Spellcasting
 * Level 4.1 Charms


You had 6 spell levels left.
You knew the following spells:

 Your Spells              Type           Power        Failure   Level  Hunger
a - Infusion              Chrm           ##..         10%         1    ##.....
b - Song of Slaying       Chrm           ##......     16%         2    ###....

Your spell library contained the following spells:

 Spells                   Type           Power        Failure   Level  Hunger
 Shroud of Golubria       Chrm/Tloc      #.........   34%         2    ###....
 Beastly Appendage        Tmut           #.....       50%         1    ##.....
 Regeneration             Chrm/Necr      #.........   56%         3    ####...
 Spectral Weapon          Hex/Chrm       #.......     56%         3    ####...
 Sticks to Snakes         Tmut           #.......     63%         2    ###....
 Spider Form              Tmut/Pois      #.........   86%         3    ####...
 Ice Form                 Ice/Tmut       #.......     99%         4    #####..
 Blade Hands              Tmut           #.........   100%        5    ######.


Dungeon Overview and Level Annotations

Branches:
Dungeon (6/15)
 Temple: D:4-7

Altars:
Cheibriados
Gozag
Qazlal
Ru
Yredelemnul

Shops:
D:4 *

Annotations:
D:6 Dowan, Duvessa


Message History

Duvessa is lightly wounded.
Duvessa hits you but does no damage. Dowan hits you with a dagger.
* * * LOW HITPOINT WARNING * * *
You barely miss Duvessa.
Duvessa is lightly wounded.
You block Duvessa's attack. Duvessa barely misses you.
You riposte.
You hit Duvessa.
Duvessa is lightly wounded.
Dowan hisses, "Insulting my beauty only makes me fight harder!"
Dowan hits you but does no damage.
You hit Duvessa but do no damage.
Duvessa is lightly wounded.
Duvessa hits you with a short sword.
* * * LOW HITPOINT WARNING * * *
Dowan points at you and mumbles some strange words.
You resist with some effort.
You hit Duvessa but do no damage.
Duvessa is lightly wounded.
Duvessa hits you with a short sword.
You die...

#.# #.# .......
#.# #.# #+#+###
#.#####.# #.#
#.......# #.#
#..#########.#####
#..# #.........#<#
#..# #.#####.#.#.#
#..###.### #.#...#
#..e@e...# #.###.#
#.####.#.# #.# #.#
#.#.รท..#.# #.#
### #.#.#..#.###.#
#...#..#.....#
#.###.##.##### ###
######


You could see Duvessa and Dowan.

Vanquished Creatures
  A vampire bat (D:5)
  A crimson imp (D:6)
  3 hounds (D:4)
  A centaur skeleton (D:4)
  4 iguanas (D:4)
  A worker ant (D:5)
  A hound zombie (D:5)
  A hound skeleton (D:5)
  2 worker ant zombies (D:5)
  8 gnolls (D:5)
  5 adders
  An ooze (D:4)
  An adder skeleton (D:4)
  3 worms
  A dart slug (D:2)
  3 fire bats (D:5)
  4 leopard geckos
  2 orcs (D:3)
  2 spectral bats (D:5)
  3 bat skeletons (D:5)
  A bat zombie (D:5)
  6 giant cockroaches
  7 goblins
  5 hobgoblins
  2 jackals (D:1)
  A quokka (D:4)
  12 bats
  A bat simulacrum (D:5)
  2 frilled lizards
  11 kobolds
  7 rats
103 creatures vanquished.

Vanquished Creatures (others)
  2 orcs (D:3)
2 creatures vanquished.

Grand Total: 105 creatures vanquished

Notes
Turn   | Place    | Note
-------+----------+-------------------------------------------
     0 | D:1      | Gearfox the Hill Orc Skald began the quest for the Orb.
     0 | D:1      | Reached XP level 1. HP: 18/18 MP: 3/3
   371 | D:1      | Reached XP level 2. HP: 24/25 MP: 4/4
  1201 | D:2      | Reached XP level 3. HP: 30/30 MP: 5/5
  1549 | D:2      | Reached skill level 3 in Long Blades
  1775 | D:2      | Reached XP level 4. HP: 31/37 MP: 6/6
  1787 | D:2      | Found an opulent altar of Gozag.
  2891 | D:3      | Became a worshipper of Beogh the Brigand
  3094 | D:3      | Learned a level 2 spell: Song of Slaying
  3257 | D:3      | Found a basalt altar of Yredelemnul.
  3875 | D:4      | Found Gubiokhlaniu's Assorted Antiques.
  3880 | D:4      | Bought a dented brass amulet for 80 gold pieces
  4131 | D:4      | Reached XP level 5. HP: 42/42 MP: 7/7
  5606 | D:4      | Reached skill level 4 in Long Blades
  5606 | D:4      | Reached skill level 1 in Shields
  6334 | D:4      | Reached skill level 5 in Long Blades
  6334 | D:4      | Reached XP level 6. HP: 47/50 MP: 3/8
  7451 | D:5      | Entered Level 5 of the Dungeon
  7851 | D:5      | Reached skill level 6 in Long Blades
  7856 | D:5      | Reached XP level 7. HP: 55/56 MP: 6/9
  8666 | D:5      | Found a snail-covered altar of Cheibriados.
  8676 | D:5      | Found a sacrificial altar of Ru.
  8731 | D:5      | Reached * piety under Beogh
  9518 | D:5      | Found a stormy altar of Qazlal.
  9785 | D:6      | Reached skill level 7 in Long Blades
  9856 | D:6      | Noticed Duvessa
  9857 | D:6      | Noticed Dowan
  9902 | D:6      | HP: 2/56 [Dowan/dagger (2)]
  9905 | D:6      | Slain by Duvessa

Skill      XL: |  1  2  3  4  5  6  7 |
---------------+----------------------+-----
Charms         | 3 4 |  4.1
Long Blades    | 3 5 6 7 |  7.0
Shields        | 1 2 |  2.9
Fighting       | |  2.9
Armour         | |  1.5
Dodging        | |  1.7
Stealth        | |  0.1
Spellcasting   | |  1.9

Action                   |  1- 3 |  4- 6 |  7- 9 || total
-------------------------+-------+-------+-------++-------
Melee: Falchion          |    85 |   193 |   121 ||   399
 Cast: Infusion          |     2 |     7 |     3 ||    12
       Song of Slaying   |       |       |     2 ||     2
Invok: Convert to Beogh  |       |     1 |       ||     1
  Use: Scroll            |     4 |     1 |     2 ||     7
       Potion            |     1 |     4 |     5 ||    10
  Eat: Ration            |     1 |     5 |     1 ||     7
       Chunk             |       |     2 |     3 ||     5
Armor: Leather armour    |    24 |    12 |       ||    36
       Ring mail         |       |    80 |    68 ||   148
Dodge: Dodged            |    75 |   186 |   143 ||   404
Block: Buckler           |       |    36 |    44 ||    80
       Rpst.: Falchion   |    18 |    61 |    46 ||   125
